 Dungeon Crawl Stone Soup version 0.28-a0-1184-g53156a8862 (webtiles) character file.

Game seed: 5933279352484971544

29 ytrimaz the Insei (level 3, 0/23 HPs)
             Began as an Octopode Transmuter on Dec 17, 2021.
             Slain by Terence (8 damage)
             ... on level 2 of the Dungeon.
             The game lasted 00:01:37 (1449 turns).

ytrimaz the Insei (Octopode Transmuter)             Turns: 1449, Time: 00:01:38

Health: 0/23       AC:  2    Str:  9    XL:     3   Next: 16%
Magic:  3/6        EV: 19    Int: 17    God:
Gold:   43         SH:  0    Dex: 17    Spells: 0/6 levels left

rFire   . . .      SeeInvis .     - Unarmed
rCold   . . .      Faith    .   (shield currently unavailable)
rNeg    + . .      Spirit   .   (helmet currently unavailable)
rPois   x          Reflect  .   (no amulet)
rElec   .          Harm     .   c - ring of positive energy
rCorr   .          Rampage  .   (no ring)
Will    .....                   (no ring)
Stlth   ++........              (no ring)
HPRegen 0.07/turn               (no ring)
MPRegen 0.10/turn               (no ring)
                                (no ring)
                                (no ring)

@: spider-form (expiring)
A: venomous fangs, almost no armour, (amphibious), 8 rings, tiny, (camouflage
1), (gelatinous body 1), (nimble swimmer 1), (tentacles), subdued magic 1
a: End Transformation


You were on level 2 of the Dungeon.
You were a venomous arachnid creature.
You visited 1 branch of the dungeon, and saw 2 of its levels.

You collected 43 gold pieces.

Inventory:

Jewellery
 c - a ring of positive energy (left front leg)
Scrolls
 b - a scroll of teleportation
Potions
 a - a potion of brilliance {unknown}
 d - a potion of curing
 e - a potion of ambrosia {unknown}


   Skills:
 * Level 1.3 Fighting
 - Level 2.0 Dodging
 + Level 3.3 Unarmed Combat
 * Level 2.4 Spellcasting
 * Level 2.4 Transmutations


You couldn't memorise any spells.
You knew the following spells:

 Your Spells              Type           Power      Damage    Failure   Level
a - Beastly Appendage     Tmut           16%        N/A       16%         1
b - Wereblood             Tmut           8%         N/A       21%         2
c - Spider Form           Tmut/Pois      4%         N/A       50%         3

Your spell library contained the following spells:

 Spells                   Type           Power      Damage    Failure   Level
 Ice Form                 Ice/Tmut       4%         N/A       86%         4


Dungeon Overview and Level Annotations

Branches:
Dungeon (2/15)

Altars:

Shops:
D:1 *=

Annotations:
D:2 Terence


Innate Abilities, Weirdness & Mutations

You are a venomous arachnid creature.
You have poisonous fangs.
You are tiny and dextrous.
Your spellcasting is less reliable in this form.
Your armour is entirely melded.
You are incapable of wielding weapons or throwing items.
You cannot wear most types of armour.
((You are amphibious.))
You can wear up to eight rings at the same time.
((Your skin changes colour to match your surroundings (Stealth+).))
((Your rubbery body absorbs attacks. (AC +1, EV +1)))
((You are camouflaged near water. (Stealth+)))
((You have tentacles for arms and can constrict up to eight enemies at once.))
Your spells are a little easier to cast, but a little less powerful.


Message History

You tentacle-slap the bat but do no damage.
Your grab misses the bat.
The bat is moderately wounded.
The bat hits you.
You miss the bat. You grab the bat.
The bat is moderately wounded.
You constrict the bat. The bat hits you but does no damage.
The bat struggles to escape constriction.
The frilled lizard hisses.
The frilled lizard misses you. The bat barely misses you.
You tentacle-slap the bat.
You kill the bat!
The frilled lizard misses you.
You tentacle-slap the frilled lizard.
You kill the frilled lizard!
An endoplasm comes into view.
Found 13 gold pieces.
Casting: Wereblood (safe; 8% risk of failure)
Confirm with . or Enter, or press ? or * to list all spells.
The spell is extremely dangerous to miscast (28% risk of failure)!
Continue anyway?
Okay, then.
Casting: Spider Form (extremely dangerous; 28% risk of failure)
Confirm with . or Enter, or press ? or * to list all spells.
The spell is extremely dangerous to miscast (28% risk of failure)!
Continue anyway?
You turn into a venomous arachnid creature.
Your transformation is almost over.
Terence hits you with a +0 falchion!
There are monsters nearby!
Unknown command.
You hit Terence but do no damage. Terence hits you with a +0 falchion.
You hit Terence but do no damage.
Terence is poisoned.
The endoplasm quivers.
Terence barely misses you.
You hit Terence but do no damage.
Terence looks as sick as possible!
Terence is lightly wounded.
Terence closely misses you.
You hit Terence.
Terence looks as sick as possible!
Terence is moderately wounded.
The rat closely misses you. Terence hits you with a +0 falchion!
You die...

....$......#
...........#
..>.....J..#
..(........
..........##
.........#.#
......@....#
......rs...#
.........#.#
...#....[.##
...........#
..........##
.........#.#
#..........#
...........#
........#.#


You could see Terence (extremely poisoned), an endoplasm and a rat.

Vanquished Creatures
  An adder (D:2)
  A dart slug (D:2)
  A ball python (D:1)
  2 bats
  A giant cockroach (D:1)
  2 goblins (D:1)
  2 hobgoblins (D:1)
  2 quokkas
  4 frilled lizards
  2 kobolds (D:1)
18 creatures vanquished.

Notes
Turn   | Place    | Note
-------+----------+-------------------------------------------
     0 | D:1      | ytrimaz the Octopode Transmuter began the quest for the
                  | Orb.
     0 | D:1      | Reached XP level 1. HP: 13/13 MP: 3/3
    33 | D:1      | Found Vamekocw's Jewellery Emporium.
   141 | D:1      | Found Otaotear's Assorted Antiques.
   352 | D:1      | Gained mutation: Your spells are a little easier to cast,
                  | but a little less powerful. [potion of mutation]
   364 | D:1      | Reached XP level 2. HP: 7/18 MP: 5/5
   369 | D:1      | Learned a level 2 spell: Wereblood
   559 | D:1      | Found a faded altar of an unknown god.
  1324 | D:2      | Reached XP level 3. HP: 15/23 MP: 3/6
  1333 | D:2      | Learned a level 3 spell: Spider Form
  1427 | D:2      | Noticed Terence
  1449 | D:2      | Slain by Terence

Illustrated notes

Levels and vault maps discovered:
D:1:      dpeg_arrival_line_fractal, layout_basic,
          shapermc_ecumenical_altar_venn, serial_shops,
          nicolae_shop_advertising_works [nicolae_subvault_shop_adworks],
          nicolae_shop_temple_entry_statues_fountains
D:2:      wad_river_or_something, layout_rooms, basic_altar, uniq_terence

Action                   || total
-------------------------++-------
Melee: Unarmed           ||    41
       Kick              ||    11
       Constrict         ||    11
       Tentacles         ||     5
 Cast: Beastly Appendage ||    17
       Wereblood         ||     1
       Spider Form       ||     1
  Use: Scroll            ||     4
       Potion            ||     1
Armor: Skin              ||     5
Dodge: Dodged            ||    28

Table legend: (Time is in decaauts)
 A = Elapsed time spent in this place.
 B = Non-inter-level travel time spent in this place.
 C = Inter-level travel time spent in this place.
 D = Time resting spent in this place.
 E = Time spent auto-exploring this place.
 F = Levels seen in this place.
 G = Mean time per level.
                   A        B        C        D        E       F      G
               +--------+--------+--------+--------+--------+-----+--------+
         Total |   1446 |   1401 |     45 |    170 |   1029 |   2 |  723.0 |
       Dungeon |   1446 |   1401 |     45 |    170 |   1029 |   2 |  723.0 |
               +--------+--------+--------+--------+--------+-----+--------+

Top non-repeatable levels by time:
     D:1: 1305 daAuts
     D:2: 140 daAuts
